 Dungeon Crawl Stone Soup version 0.31.0-32-g396128a36d (webtiles) character file.

Game seed: 3085001152398467570

751 James the Digger (level 7, -5/44 HPs)
             Began as a Gargoyle Earth Elementalist on Apr 6, 2024.
             Was an Initiate of Vehumet.
             Killed by divine providence
             ... invoked by an orc priest
              (10 damage)
             ... on level 4 of the Dungeon.
             The game lasted 00:19:56 (4042 turns).

James the Digger (Gargoyle Earth Elementalist)      Turns: 4042, Time: 00:19:56

Health: -5/44      AC:  8    Str: 24    XL:     7   Next: 78%
Magic:  0/13       EV: 11    Int: 17    God:    Vehumet [......]
Gold:   211        SH:  0    Dex: 10    Spells: 7/14 levels left

rFire   . . .        a - +1 dagger (elec)
rCold   . . .        (no shield)
rNeg    + . .        J - +0 leather armour
rPois   ∞            C - +0 helmet
rElec   +            (no cloak)
rCorr   .            (no gloves)
SInv    .            (no boots)
Will    .....        (no amulet)
Stlth   ++           F - +6 ring of strength
HPRegen 0.27/turn    K - +6 ring of strength
MPRegen 0.13/turn

%: no passive effects
@: no status effects
A: sickness immunity, AC +4, negative energy resistance 1, electricity
resistance, torment resistance 1, petrification resistance
a: Renounce Religion


You were on level 4 of the Dungeon.
You worshipped Vehumet.
Vehumet was noncommittal.
You visited 2 branches of the dungeon, and saw 5 of its levels.
You also visited: Sewer.

You collected 211 gold pieces.

Inventory:

Hand Weapons
 a - a +1 dagger of electrocution (weapon)
   (You took it off a goblin on level 3 of the Dungeon)
 b - the +5 mace of False Hope {venom, *Noise rF+++ rCorr Int-4}
   (You found it on level 2 of the Dungeon)

   Int-4:     It affects your intelligence (-4).
   rF+++:     It renders you almost immune to fire.
   *Noise:    It may make a loud noise when swung.
   rCorr:     It protects you from acid and corrosion.
 d - a +2 dagger of speed
   (You took it off a kobold on level 1 of the Dungeon)
 i - a +0 whip
   (You found it on level 1 of the Dungeon)
 l - a +0 sling
   (You found it on level 1 of the Dungeon)
 o - a +0 short sword
   (You took it off a kobold on level 1 of the Dungeon)
 p - a +0 flail
   (You took it off a gnoll on level 2 of the Dungeon)
 q - a +0 spear
   (You took it off a gnoll on level 2 of the Dungeon)
 r - a +0 whip of venom
   (You took it off a gnoll on level 2 of the Dungeon)
 y - a +0 mace
   (You took it off an orc on level 4 of the Dungeon)
 B - a +0 trident
   (You took it off Robin on level 3 of the Dungeon)
Missiles
 j - 18 stones
 n - 2 javelins
Armour
 e - a +0 leather armour
   (You took it off an orc on level 4 of the Dungeon)
 s - a +0 scale mail
   (You took it off an orc on level 4 of the Dungeon)
 C - a +0 helmet (worn)
   (You took it off Robin on level 3 of the Dungeon)
 D - a +0 animal skin
   (You took it off Robin on level 3 of the Dungeon)
 E - a +0 robe
 G - a +0 chain mail
   (You found it on level 3 of the Dungeon)
 H - a +0 kite shield
   (You found it on level 3 of the Dungeon)
 J - a +0 leather armour (worn)
   (You found it on level 2 of the Dungeon)
 L - a +0 chain mail
   (You took it off an orc on level 3 of the Dungeon)
 O - a +0 leather armour
   (You found it on level 3 of the Dungeon)
 Q - a +0 robe
   (You took it off an orc wizard on level 3 of the Dungeon)
 R - a +0 scale mail
   (You took it off an orc on level 3 of the Dungeon)
 S - a +0 leather armour
   (You took it off an orc on level 3 of the Dungeon)
 T - a +0 robe
   (You took it off an orc wizard on level 3 of the Dungeon)
 U - a +0 robe
   (You found it on level 3 of the Dungeon)
Jewellery
 F - a +6 ring of strength (left hand)
   (You found it on level 3 of the Dungeon)
 K - a +6 ring of strength (right hand)
   (You found it on level 2 of the Dungeon)
Wands
 M - a wand of polymorph (10)
   (You found it on level 3 of the Dungeon)
 P - a wand of mindburst (17)
   (You found it on level 3 of the Dungeon)
Scrolls
 f - a scroll of fog {unknown}
 g - a scroll of amnesia {unknown}
 k - a scroll of enchant weapon {unknown}
 u - a scroll of teleportation {@r4}
 v - a scroll of blinking {unknown}
 N - a scroll of silence {unknown}
Potions
 c - a potion of mutation {unknown}
 h - a potion of might {unknown}
 m - 3 potions of resistance
 t - a potion of heal wounds {@q2}
 w - 2 potions of brilliance
 x - a potion of cancellation
 z - 2 potions of invisibility
 A - a potion of haste {unknown}
 I - a potion of magic
 V - 2 potions of berserk rage


   Skills:
 + Level 4.6 Fighting
 - Level 2.0 Dodging
 - Level 3.0 Stealth
 + Level 4.3 Spellcasting
 * Level 3.0 Conjurations
 + Level 6.3 Earth Magic


You had 7 spell levels left.
You knew the following spells:

 Your Spells              Type           Power      Damage    Failure   Level
a - Sandblast             Erth           50%        2d12      1%          1
q - Passwall              Erth           25%        N/A       3%          3
x - Stone Arrow           Conj/Erth      38%        3d9       8%          3

Your spell library contained the following spells:

 Spells                   Type           Power      Damage    Failure   Level
 Brom's Barrelling Bould  Conj/Erth      19%        2d4       26%         4
 Petrify                  Alch/Erth      14%        N/A       43%         4


Dungeon Overview and Level Annotations

Branches:
Dungeon (4/15)             Temple (1/1) D:4           Sewer (visited)

Altars:
Ashenzari
Cheibriados
Dithmenos
Elyvilon
Fedhas
Gozag
Hepliaklqana
Kikubaaqudgha
Makhleb
Nemelex Xobeh
Okawaru
Qazlal
Ru
Sif Muna
Trog
Uskayaw
Vehumet
Wu Jian
Xom
Yredelemnul
Zin
The Shining One


Innate Abilities, Weirdness & Mutations

You are immune to sickness and miasma.
Your stone body is resilient. (AC +4)
You are immune to poison.
You resist negative energy. (rN+)
You are resistant to electric shocks. (rElec)
You are resistant to unholy torment.
You are immune to petrification.


Message History

Aim: an orc priest, wielding a +0 falchion (severely wounded, 83% to hit)
The blast of sand hits the orc priest!
You kill the orc priest!
Vehumet accepts your kill.
Training target 3.0 for Stealth reached!
Your Stealth skill increases to level 3!
Unknown command.
Press: ? - help, Shift-Dir - straight line, f - orc
Aim: an orc, wielding a +0 club and wearing a +0 scale mail (85% to hit)
The blast of sand hits the orc!
You kill the orc!
Vehumet accepts your kill.
Your Conjurations skill increases to level 3!
Press: ? - help, Shift-Dir - straight line, f - orc priest
Aim: an orc priest, wielding a +0 whip and wearing a +0 chain mail (87% to hit)
The blast of sand hits the orc priest but does no damage.
Press: ? - help, Shift-Dir - straight line, f/p - orc priest
Aim: an orc priest, wielding a +0 whip and wearing a +0 chain mail (87% to hit)
The blast of sand hits the orc priest but does no damage.
The orc priest closely misses you.
Okay, then.
Unknown command.
You closely miss the orc priest.
The orc priest looks satisfied for a moment.
You barely miss the orc priest.
The orc priest calls down the wrath of Beogh upon you.
Beogh smites you!
Unknown command.
You hit the orc priest but do no damage.
The orc priest looks satisfied for a moment.
You hit the orc priest but do no damage.
The orc priest mumbles some strange prayers to Beogh against you.
Beogh smites you!
* * * LOW HITPOINT WARNING * * *
You hit the orc priest.
The orc priest calls down the wrath of Beogh upon you.
Pain shoots through your body!
* * * LOW HITPOINT WARNING * * *
Press: ? - help, Shift-Dir - straight line, f/p - orc priest
Aim: an orc priest, wielding a +0 whip and wearing a +0 chain mail (lightly wounded, 87% to hit)
The blast of sand hits the orc priest.
The orc priest hits you with a +0 whip.
* * * LOW HITPOINT WARNING * * *
You hit the orc priest but do no damage.
The orc priest invokes the aid of Beogh against you.
Pain shoots through your body!
* * * LOW HITPOINT WARNING * * *
You hit the orc priest but do no damage.
The orc priest mumbles some strange prayers to Beogh against you.
Beogh smites you!
You die...

#.)...............#
#................##
#..............##..
#...........>#####.
#............# ##
##............#
#†...........##
#.....####...#
##..@### #...#
#...o..####...#
#...$.........#
###..)).........#
###.....).........#
#
#.......).###.....#
##### #####...###
###....##....
##.).# ##.........
#...## .........


You could see an orc priest.

Vanquished Creatures
  Pargi (Sewer)
  A black bear (D:4)
  A brain worm (Sewer)
  A scorpion (D:3)
  4 orc priests (D:4)
  2 orc wizards (D:3)
  Natasha (D:4)
  Robin (D:3)
  3 gnolls (D:2)
  6 adders
  2 river rats (D:4)
  4 dart slugs
  4 ribbon worms
  13 orcs
  7 bats
  5 endoplasms
  A giant cockroach (D:1)
  14 goblins
  14 hobgoblins
  6 jackals
  A quokka (D:1)
  11 ball pythons
  8 frilled lizards
  10 kobolds
  5 rats
126 creatures vanquished.

Notes
Turn   | Place    | Note
-------+----------+-------------------------------------------
     0 | D:1      | James the Gargoyle Earth Elementalist began the quest for
                  | the Orb.
     0 | D:1      | Reached XP level 1. HP: 10/10 MP: 3/3
   135 | D:1      | Reached XP level 2. HP: 16/16 MP: 1/5
   262 | D:1      | Reached skill level 1 in Fighting
   280 | D:1      | Reached skill level 4 in Earth Magic
   439 | D:1      | Reached XP level 3. HP: 18/20 MP: 0/6
   622 | D:1      | Found a faded altar of an unknown god.
  1011 | D:2      | Reached XP level 4. HP: 26/26 MP: 5/8
  1110 | D:2      | You fall into a shaft and drop 2 floors!
  1180 | D:4      | Noticed a black bear
  1185 | D:4      | Killed a black bear
  1186 | D:4      | Reached skill level 5 in Earth Magic
  1186 | D:4      | Reached XP level 5. HP: 13/32 MP: 4/9
  1280 | D:4      | Found a glowing drain.
  1285 | Sewer    | Entered a sewer
  1353 | Sewer    | Learned a level 3 spell: Passwall
  1357 | Sewer    | Learned a level 3 spell: Stone Arrow
  1387 | Sewer    | Reached XP level 6. HP: 32/37 MP: 5/11
  1548 | Sewer    | Noticed Pargi
  1571 | Sewer    | Killed Pargi
  1831 | D:3      | Noticed Robin
  1845 | D:3      | Killed Robin
  2032 | D:3      | Reached XP level 7. HP: 43/43 MP: 11/13
  2303 | D:2      | Identified the +5 mace of False Hope {venom, *Noise rF+++
                  | rCorr Int-4}
  2378 | D:2      | Reached skill level 6 in Earth Magic
  3165 | D:3      | Found a radiant altar of Vehumet.
  3382 | D:3      | Became a worshipper of Vehumet
  3757 | D:4      | Found a staircase to the Ecumenical Temple.
  3767 | Temple   | Entered the Ecumenical Temple
  3880 | D:4      | Noticed Natasha
  3882 | D:4      | Killed Natasha
  4042 | D:4      | Killed from afar by an orc priest

Illustrated notes

Levels and vault maps discovered:
D:1:      lightli_iron_boxes, layout_rooms, chequers_ecumenical_altar_simple,
          serial_park_tiny_pond
D:2:      layout_basic
D:3:      layout_basic, lemuel_tele_altar, grunt_ministairs_7, uniq_robin
D:4:      black_bear_nest_1, layout_layer_cave, minmay_temple_entry_mini_moons,
          serial_shops, shop, lightli_sewer_entry_pipes, uniq_natasha
Temple:   minmay_crystal_snake_temple

Skill      XL: |  1  2  3  4  5  6  7 |
---------------+----------------------+-----
Fighting       | 1 2 3 4 |  4.6
Earth Magic    | 4 5 6 |  6.3
Spellcasting   | 3 4 |  4.3
Conjurations   | 2 3 |  3.0
Dodging        | 2 |  2.0
Stealth        | 3 |  3.0

Action                     |  1- 3 |  4- 6 |  7- 9 || total
---------------------------+-------+-------+-------++-------
  Melee: Dagger            |    83 |    35 |    11 ||   129
         Punch             |     1 |       |     1 ||     2
   Cast: Sandblast         |    31 |    57 |    71 ||   159
         Stone Arrow       |       |     2 |     8 ||    10
    Use: Scroll            |       |       |     7 ||     7
 Armour: Robe              |    51 |    42 |     2 ||    95
         Leather armour    |       |       |    17 ||    17
  Dodge: Dodged            |    50 |    34 |    12 ||    96
